 Dungeon Crawl Stone Soup version 0.32-a0-20-ge526923d97 (webtiles) character file.

Game seed: 10332846686201708173

9208 snarfax the Covert (level 11, -20/54 HPs)
             Began as a Kobold Enchanter on Jan 17, 2024.
             Was a Priest of Sif Muna.
             Killed from afar by an ice statue (29 damage)
             ... with a shard of ice
             ... on level 10 of the Dungeon.
             The game lasted 00:52:40 (11957 turns).

snarfax the Covert (Kobold Enchanter)              Turns: 11957, Time: 00:52:41

Health: -20/54     AC: 10    Str:  6    XL:     11   Next: 70%
Magic:  23/23      EV: 26    Int: 20    God:    Sif Muna [***...]
Gold:   496        SH:  5    Dex: 16    Spells: 16/27 levels left

rFire   . . .        M - +2 rapier (speed)
rCold   . . .        (no shield)
rNeg    + . .        C - +0 steam dragon scales
rPois   .            s - +0 hat
rElec   .            l - +2 cloak
rCorr   .            (no gloves)
SInv    .            f - +1 pair of boots
Will    .....        q - amulet of reflection
Stlth   ++++++       p - +5 ring of evasion
HPRegen 0.29/turn    y - ring of positive energy
MPRegen 0.18/turn

%: reflection
@: no status effects
A: small, no large weapons, nightstalker 3
a: Renounce Religion, Channel Magic, Forget Spell


You were on level 10 of the Dungeon.
You worshipped Sif Muna.
Sif Muna was most pleased with you.
You visited 2 branches of the dungeon, and saw 11 of its levels.
You also visited: Ossuary.

You collected 771 gold pieces.
You spent 275 gold pieces at shops.

Inventory:

Hand Weapons
 a - a +2 dagger of freezing
 o - a +0 vampiric trident
 M - a +2 rapier of speed (weapon)
 N - a +4 scimitar of flaming
 P - a +2 vampiric whip
Missiles
 d - 6 boomerangs
 u - a throwing net
Armour
 b - a +0 robe
 f - a +1 pair of boots (worn)
 l - a +2 cloak (worn)
 s - a +0 hat (worn)
 C - +0 steam dragon scales (worn)
Jewellery
 i - a ring of flight
 p - a +5 ring of evasion (left hand)
 q - an amulet of reflection (around neck)
 y - a ring of positive energy (right hand)
 E - a +6 ring of strength
 K - an amulet of regeneration
Wands
 k - a wand of flame (45)
 D - a wand of mindburst (4)
 F - a wand of acid (1)
Scrolls
 c - 2 scrolls of identify
 e - 2 scrolls of poison
 g - a scroll of silence
 h - a scroll of torment
 m - 2 scrolls of teleportation
 t - 3 scrolls of vulnerability
 G - 2 scrolls of fog
 H - a scroll of amnesia
 J - a scroll of enchant armour
Potions
 j - 7 potions of curing
 n - 5 potions of heal wounds
 r - a potion of haste
 v - 2 potions of attraction
 w - 3 potions of berserk rage
 x - a potion of cancellation
 z - a potion of lignification
 A - a potion of might
 B - a potion of ambrosia
 I - a potion of magic
 L - a potion of mutation {unknown}
 O - a potion of degeneration {unknown}


   Skills:
 * Level 10.8 Short Blades
 * Level 10.8 Dodging
 + Level 13.0 Stealth
 + Level 8.8 Spellcasting
 - Level 5.0 Hexes


You had 16 spell levels left.
You knew the following spells:

 Your Spells              Type           Power      Damage    Failure   Level
a - Ensorcelled Hibernat  Hex/Ice        36%        N/A       4%          2
b - Tukima's Dance        Hex            28%        N/A       3%          3
c - Confusing Touch       Hex            28%        N/A       3%          3
d - Dazzling Flash        Conj/Hex       36%        N/A       9%          3

Your spell library contained the following spells:

 Spells                   Type           Power      Damage    Failure   Level
 Foxfire                  Conj/Fire      32%        2x1d5     8%          1
 Freeze                   Ice            32%        1d5       8%          1
 Inner Flame              Hex/Fire       18%        N/A       9%          3
 Lesser Beckoning         Tloc           16%        N/A       12%         2
 Frozen Ramparts          Ice            16%        1d3       24%         3
 Gell's Gravitas          Tloc           8%         N/A       24%         3
 Hailstorm                Conj/Ice       8%         3d5       24%         3
 Teleport Other           Tloc           8%         N/A       24%         3
 Animate Dead             Necr           8%         N/A       61%         4
 Flame Wave               Conj/Fire      8%         2d5       61%         4
 Leda's Liquefaction      Alch/Erth      4%         N/A       61%         4
 Petrify                  Alch/Erth      8%         N/A       61%         4
 Sticky Flame             Fire/Alch      8%         2d4       61%         4
 Metabolic Englaciation   Hex/Ice        9%         N/A       61%         5
 Borgnjor's Vile Clutch   Necr/Erth      4%         N/A       91%         5
 Death Channel            Necr           4%         N/A       100%        6
 Plasma Beam              Fire/Air       4%         2x1d14    100%        6
 Starburst                Conj/Fire      4%         6d3       100%        6


Dungeon Overview and Level Annotations

Branches:
Dungeon (10/15)            Temple (1/1) D:5            Lair (0/5) D:8
    Orc (0/2) D:9         Ossuary (visited)

Altars:
Ashenzari
Cheibriados
Dithmenos
Elyvilon
Fedhas
Gozag
Hepliaklqana
Kikubaaqudgha
Makhleb
Nemelex Xobeh
Okawaru
Qazlal
Ru
Sif Muna
Trog
Uskayaw
Vehumet
Wu Jian
Xom
Yredelemnul
Zin
The Shining One

Shops:
D:3 *=!   D:9 =

Annotations:
D:8 Maurice
D:10 exclusion: ice statue


Innate Abilities, Weirdness & Mutations

You are small and have problems with some larger weapons.
You are completely attuned to the shadows.


Message History

You hit the ice statue.
The ice statue is heavily damaged.
You hit the ice statue but do no damage.
The ice statue is heavily damaged.
You hit the ice statue.
The ice statue is heavily damaged.
You hit the ice statue but do no damage.
The ice statue is heavily damaged.
You hit the ice statue but do no damage.
The ice statue is heavily damaged.
You hit the ice statue but do no damage.
You punch the ice statue.
The ice statue is heavily damaged.
You hit the ice statue but do no damage.
The ice statue is heavily damaged.
You hit the ice statue but do no damage.
The ice statue is heavily damaged.
You hit the ice statue.
The ice statue is severely damaged.
The ice statue gestures at you. The freezing blast misses you.
You hit the ice statue.
The ice statue is severely damaged.
You are engulfed in freezing vapours.
You puncture the ice statue!
The ice statue is severely damaged.
You are engulfed in freezing vapours.
The ice statue gestures at you. The shard of ice hits you!
You hit the ice statue.
The ice statue is severely damaged.
You are engulfed in freezing vapours.
You are engulfed in freezing vapours.
* * * LOW HITPOINT WARNING * * *
The ice statue gestures at you. The bolt of cold misses you.
The ice statue gestures at you. The shard of ice hits you!!
Ouch! That really hurt!
You die...

......... .........
......☼.. ...○8○...
...§○°... ...○○○...
....@.... ..........
..........##
...........# ###
#..........##### #..
####...........####..
#.......###....'..
#.......# ######))
#.......# ##)


You could see an ice statue.

Vanquished Creatures
  Erica (D:10)
  2 two-headed ogres (D:8)
  A gargoyle (D:10)
  Psyche (D:9)
  A shadow (D:10)
  A wraith (D:8)
  7 yaks
  2 steam dragons
  Duvessa (D:7)
  3 water moccasins
  5 orc warriors
  A sky beast (D:7)
  4 black bears (D:8)
  An ogre (D:4)
  2 centaurs
  3 phantoms
  3 kobold brigands
  5 bullfrogs
  2 gnoll sergeants
  2 scorpions
  5 wights
  Dowan (D:7)
  8 killer bees (D:9)
  A bombardier beetle (D:5)
  A hound (D:5)
  2 gnoll boudas
  11 orc priests
  Ijyb (D:4)
  5 iguanas
  7 orc wizards
  5 mummies (Ossuary)
  15 gnolls
  9 adders
  2 shadow imps
  3 white imps
  2 ufetubi (D:7)
  3 dart slugs
  3 ribbon worms
  41 orcs
  12 ball pythons
  A bat skeleton (D:2)
  2 bat zombies (D:2)
  11 endoplasms
  3 giant cockroaches
  11 goblins
  3 hobgoblins
  3 quokkas (D:4)
  2 ball python skeletons (D:2)
  9 bats
  2 frilled lizards
  A gnoll zombie (Ossuary)
  17 kobolds
  A kobold zombie (Ossuary)
  An orc zombie (Ossuary)
  A quokka skeleton (D:2)
  3 rats (D:1)
256 creatures vanquished.

Vanquished Creatures (collateral kills)
  A centaur warrior (D:9)
  2 black bears (D:8)
  A scorpion (D:8)
  A wight (D:8)
  A sleepcap (D:8)
  3 mummies (Ossuary)
  A gnoll (D:6)
  An orc (D:6)
  3 kobold zombies (Ossuary)
  An orc zombie (Ossuary)
15 creatures vanquished.

Vanquished Creatures (others)
  5 dancing weapons
  An orc zombie (Ossuary)
6 creatures vanquished.

Grand Total: 277 creatures vanquished

Notes
Turn   | Place    | Note
-------+----------+-------------------------------------------
     0 | D:1      | snarfax the Kobold Enchanter began the quest for the Orb.
     0 | D:1      | Reached XP level 1. HP: 10/10 MP: 3/3
   276 | D:1      | Reached XP level 2. HP: 15/15 MP: 5/5
   279 | D:1      | Learned a level 2 spell: Ensorcelled Hibernation
   524 | D:1      | Reached XP level 3. HP: 19/19 MP: 6/6
   996 | D:2      | Reached XP level 4. HP: 23/24 MP: 7/7
  1274 | D:2      | Reached skill level 5 in Stealth
  1895 | D:3      | Found Bueticza's Jewellery Shoppe.
  1900 | D:3      | Reached XP level 5. HP: 24/28 MP: 5/8
  2086 | D:3      | Found Pearoff's Assorted Antiques.
  2173 | D:3      | Found Varchics's Distillery.
  2178 | D:3      | Bought a potion of haste for 100 gold pieces
  2503 | D:4      | Found a glowing silver altar of Zin.
  2622 | D:4      | Reached XP level 6. HP: 32/32 MP: 6/9
  2681 | D:4      | Reached skill level 6 in Stealth
  2696 | D:4      | Noticed Ijyb
  2704 | D:4      | Killed Ijyb
  3078 | D:4      | Found a sand-covered staircase.
  3084 | Ossuary  | Entered an ossuary
  3163 | Ossuary  | Reached XP level 7. HP: 36/36 MP: 11/11
  4134 | D:5      | Entered Level 5 of the Dungeon
  4211 | D:5      | Reached skill level 5 in Short Blades
  4343 | D:5      | Found a staircase to the Ecumenical Temple.
  4349 | D:5      | Reached skill level 5 in Dodging
  4351 | Temple   | Entered the Ecumenical Temple
  4383 | Temple   | Became a worshipper of Sif Muna the Loreminder
  4427 | D:5      | Found a white marble altar of Elyvilon.
  4655 | D:5      | Reached skill level 7 in Stealth
  4750 | D:5      | Reached XP level 8. HP: 41/41 MP: 13/13
  4774 | D:5      | Found a broken altar of Ashenzari.
  5403 | D:5      | Learned a level 3 spell: Tukima's Dance
  5685 | D:6      | Reached skill level 5 in Hexes
  5794 | D:6      | Reached skill level 8 in Stealth
  5798 | D:6      | Learned a level 3 spell: Confusing Touch
  6161 | D:6      | Reached skill level 5 in Spellcasting
  6191 | D:6      | Reached XP level 9. HP: 39/45 MP: 6/16
  6733 | D:6      | Found a bloodstained altar of Trog.
  6743 | D:6      | Reached * piety under Sif Muna
  6922 | D:7      | Reached skill level 9 in Stealth
  7387 | D:7      | Noticed Duvessa
  7389 | D:7      | Noticed Dowan
  7391 | D:7      | Killed Duvessa
  7400 | D:7      | Killed Dowan
  7563 | D:7      | Reached skill level 10 in Stealth
  7672 | D:7      | Found a glowing golden altar of the Shining One.
  7920 | D:8      | Noticed Maurice
  7928 | D:8      | Something stole 48 poisoned darts
  8057 | D:8      | Reached XP level 10. HP: 50/50 MP: 14/19
  8093 | D:8      | Noticed a two-headed ogre
  8096 | D:8      | Noticed a two-headed ogre
  8099 | D:8      | Killed a two-headed ogre
  8100 | D:8      | Reached skill level 11 in Stealth
  8540 | D:8      | Found a staircase to the Lair.
  8563 | D:8      | Killed a two-headed ogre
  9569 | D:9      | Noticed Psyche
  9653 | D:8      | Learned a level 3 spell: Dazzling Flash
  9681 | D:8      | Reached ** piety under Sif Muna
 10132 | D:9      | Reached XP level 11. HP: 54/54 MP: 18/22
 10150 | D:9      | Reached skill level 12 in Stealth
 10183 | D:9      | Killed Psyche
 10184 | D:9      | Reached skill level 10 in Dodging
 10196 | D:9      | Noticed a centaur warrior
 10221 | D:9      | Killed a centaur warrior
 10360 | D:9      | Found Otuiwir's Jewellery Shoppe.
 10630 | D:3      | Bought a runed rapier for 175 gold pieces
 10730 | D:10     | Entered Level 10 of the Dungeon
 10739 | D:10     | Noticed Erica
 10741 | D:10     | Killed Erica
 10742 | D:10     | Reached skill level 10 in Short Blades
 11113 | D:10     | Found a stormy altar of Qazlal.
 11236 | D:10     | Reached *** piety under Sif Muna
 11517 | D:9      | Reached skill level 13 in Stealth
 11680 | D:9      | Found a blossoming altar of Fedhas.
 11839 | D:9      | Found a staircase to the Orcish Mines.
 11957 | D:10     | Killed from afar by an ice statue

Illustrated notes

Levels and vault maps discovered:
D:1:      spicycebolla_arrival_ecumenical, layout_basic
D:2:      layout_basic, serial_undead, serial_undead_e, serial_undead_d,
          serial_undead_e, serial_undead_a, minmay_pentomino_o2
D:3:      cheibrodos_old_hovel, layout_rooms, serial_shops, shop, shop, shop
D:4:      layout_layer_cave, mainiacjoe_overflow_alcove_1,
          nicolae_ossuary_entry_ruins, uniq_ijyb
D:5:      layout_layer_cave, elyvilon_altar_5, lemuel_round_altar,
          minmay_temple_entry_statues_fountains
D:6:      layout_basic, kennysheep_little_box
D:7:      layout_cave_pools, nicolae_tso_carved_into_rock, st_stairs_12,
          uniq_duvessa
D:8:      layout_basic, due_lair_maze_entry_diamond, enter_bailey_5,
          uniq_maurice
D:9:      layout_rooms, mainiacjoe_overflow_alcove_2, hiddenorc1_lemuel,
          serial_shops, nicolae_shop_just_a_little_nook, minmay_microvault,
          uniq_psyche
D:10:     layout_roguey, lemuel_doored_altar, st_stairs_3,
          nicolae_lava_and_water, dk_noncrumbling_3, minivault_16, minmay_puff,
          uniq_erica
Temple:   bh_familiar_temple

Skill      XL: |  1  2  3  4  5  6  7  8  9 10 11 |
---------------+----------------------------------+-----
Short Blades   | 2 3 4 5 6 8 10 | 10.8
Dodging        | 3 4 5 6 8 9 10 | 10.8
Stealth        | 5 6 7 8 10 11 13 | 13.0
Spellcasting   | 3 5 6 7 8 |  8.8
Hexes          | 4 5 |  5.0

Action                     |  1- 3 |  4- 6 |  7- 9 | 10-12 || total
---------------------------+-------+-------+-------+-------++-------
  Melee: Dagger            |   108 |   153 |   324 |   342 ||   927
         Punch             |     3 |       |     6 |    11 ||    20
         Rapier            |       |       |       |   260 ||   260
  Throw: Dart              |       |       |    15 |     1 ||    16
   Cast: Ensorcelled Hiber |     4 |    17 |    23 |    26 ||    70
         Tukima's Dance    |       |       |    10 |    14 ||    24
         Confusing Touch   |       |       |     3 |    14 ||    17
         Dazzling Flash    |       |       |       |     6 ||     6
 Invoke: Channel Magic     |       |       |       |     1 ||     1
  Evoke: Wand              |       |     6 |       |       ||     6
    Use: Potion            |     2 |       |     1 |     2 ||     5
         Scroll            |     2 |     5 |    14 |     3 ||    24
   Stab: Sleeping          |    15 |    28 |    39 |    18 ||   100
         Distracted        |       |       |     2 |     2 ||     4
         Confused          |       |       |     1 |    11 ||    12
         Invisible         |       |       |       |     2 ||     2
 Armour: Robe              |    52 |    43 |    44 |       ||   139
         Steam dragon scal |       |       |    23 |   103 ||   126
  Dodge: Dodged            |   149 |   116 |   201 |   362 ||   828
  Block: Other             |       |     7 |    52 |    84 ||   143
         Reflection        |       |       |     2 |     1 ||     3

Table legend: (Time is in decaauts)
 A = Elapsed time spent in this place.
 B = Non-inter-level travel time spent in this place.
 C = Inter-level travel time spent in this place.
 D = Time resting spent in this place.
 E = Time spent auto-exploring this place.
 F = Levels seen in this place.
 G = Mean time per level.
                   A        B        C        D        E       F      G
               +--------+--------+--------+--------+--------+-----+--------+
         Total |  11570 |  10887 |    683 |    552 |   7550 |  12 |  964.2 |
       Dungeon |  11247 |  10626 |    621 |    552 |   7469 |  10 | 1124.7 |
        Temple |     64 |      2 |     62 |      0 |      0 |   1 |   64.0 |
       Ossuary |    258 |    258 |      0 |      0 |     81 |   1 |  258.0 |
               +--------+--------+--------+--------+--------+-----+--------+

Top non-repeatable levels by time:
     D:8: 1822 daAuts
     D:6: 1481 daAuts
     D:4: 1385 daAuts
     D:5: 1261 daAuts
     D:7: 1244 daAuts
     D:9: 1001 daAuts
     D:2: 998 daAuts
     D:1: 801 daAuts
     D:3: 665 daAuts
    D:10: 586 daAuts
 Ossuary: 258 daAuts
  Temple: 64 daAuts
